Map: Ruins of Endion

Players

capac - Winner!

  • Race: Terran Terran
  • League: Gold

A.I. 1 (Elite)

  • Race: Zerg Zerg

VOD

Have the link to the VOD?

Description

Time

  • Played on: April 10, 2016, 9:23 a.m.
  • Length: 8:35
Show
View Real Time Build Order
Export as new Build Order

capac Terran - Winner!

Build Orders: Reaper Expand, MMM Bio 

Get SALT Encoding   

  12  0:00  SCV  
  13  0:13  SCV  
  14  0:18  Supply Depot  
  14  0:25  SCV  
  15  0:40  SCV  
  15  0:41  Barracks  
  16  0:45  Refinery  
  16  0:52  SCV  
  17  1:04  SCV  
  18  1:16  SCV  
  19  1:29  Orbital Command  
  19  1:30  Reaper  
  20  1:45  Command Center  
  20  1:56  SCV  
  21  2:04  Barracks Reactor  
  21  2:12  Barracks  
  21  2:15  SCV  
  22  2:28  Refinery, Factory, SCV  
  23  2:50  Supply Depot  
  23  2:56  Marine x2  
  23  2:57  SCV  
  26  2:59  Orbital Command  
  26  3:04  Barracks Tech Lab  
  26  3:06  Barracks  
  26  3:09  SCV  
  27  3:14  Supply Depot  
  27  3:17  Factory Tech Lab  
  27  3:22  Starport  
  27  3:26  SCV  
  28  3:29  SCV  
  28  3:34  Marine x2  
  31  3:46  SCV x2  
  31  3:47  Marine  
  34  3:49  Stimpack  
  34  3:51  Siege Tank  
  37  3:58  SCV x2  
  39  4:08  Starport Reactor  
  39  4:09  Barracks Reactor  
  39  4:14  SCV x2  
  41  4:21  Marine  
  41  4:22  Marine x2  
  44  4:26  SCV x2  
  46  4:34  Refinery  
  46  4:38  SCV x2  
  48  4:39  Marine x2  
  48  4:40  Marine  
  48  4:42  Siege Tank  
  54  4:53  Supply Depot  
  54  4:55  Refinery  
  54  5:00  Engineering Bay  
  54  5:01  Engineering Bay  
  54  5:10  Marine x4  
  54  5:11  SCV x2, Medivac  
  62  5:14  Marine, Medivac  
  62  5:16  Supply Depot  
  65  5:26  SCV x2  
  67  5:28  Marine x3  
  70  5:37  Marine x2  
  70  5:38  Supply Depot  
  72  5:46  Marine x3  
  72  5:49  Liberator  
  75  5:53  Combat Shields  
  75  5:55  Marine  
  76  5:59  Marine  
  76  6:00  SCV x2  
  76  6:02  Terran Infantry Weapons Level 1, Terran Infantry Armor Level 1  
  79  6:04  Marine x2  
  84  6:13  SCV x2  
  86  6:21  Supply Depot, Marine x3  
  86  6:23  Siege Tank  
  86  6:24  Supply Depot  
  92  6:34  Marine x2  
  94  6:42  Marine  
  94  6:43  Marine x2  
  97  6:49  Command Center  
  91  7:51  Marine x5  
  91  7:53  Siege Tank  
  94  8:09  Marine x3  
Show
View Real Time Build Order
Export as new Build Order

A.I. 1 (Elite) Zerg 

Build Orders: Pool First 

Get SALT Encoding   

  12  0:00  Drone  
  13  0:12  Overlord  
  13  0:17  Drone  
  14  0:30  Drone x2  
  16  0:42  Spawning Pool  
  16  0:44  Drone  
  16  0:48  Drone  
  17  1:11  Hatchery  
  17  1:12  Drone  
  17  1:16  Extractor  
  17  1:18  Drone  
  17  1:21  Extractor  
  17  1:23  Drone  
  17  1:28  Drone  
  18  1:38  Drone  
  19  1:49  Overlord  
  19  1:54  Queen  
  19  2:00  Zergling x2  
  22  2:10  Drone  
  22  2:21  Drone  
  23  2:23  Queen  
  25  2:30  Drone  
  25  2:35  Drone  
  27  2:40  Zergling x2  
  27  2:45  Drone  
  27  2:50  Drone  
  29  3:04  Roach Warren  
  29  3:05  Drone  
  29  3:09  Drone  
  30  3:13  Zergling x2  
  30  3:16  Zergling x2  
  32  3:23  Overlord  
  32  3:26  Drone  
  33  3:29  Drone  
  34  3:45  Roach x2  
  34  3:46  Roach  
  34  3:47  Roach  
  42  3:55  Lair  
  42  4:00  Overlord  
  42  4:04  Overlord  
  42  4:08  Zergling x2  
  43  4:18  Zergling x4, Drone x2  
  43  4:20  Drone  
  43  4:22  Drone  
  49  4:25  Drone  
  49  4:30  Overlord  
  50  4:34  Roach  
  50  4:37  Roach  
  54  4:41  Roach  
  54  4:44  Roach  
  58  4:48  Overlord  
  58  4:54  Drone  
  58  4:57  Hydralisk Den, Drone  
  58  4:59  Drone  
  60  5:05  Drone  
  62  5:07  Drone  
  62  5:09  Drone  
  62  5:11  Drone  
  62  5:14  Drone  
  65  5:15  Drone  
  65  5:19  Overlord  
  67  5:21  Drone  
  67  5:23  Drone  
  67  5:25  Drone  
  67  5:27  Hydralisk, Drone  
  72  5:30  Hydralisk  
  74  5:36  Hydralisk  
  74  5:37  Drone  
  74  5:38  Overlord  
  74  5:41  Hydralisk  
  79  5:43  Drone  
  79  5:45  Drone  
  79  5:48  Drone  
  82  5:56  Overlord  
  82  5:58  Infestation Pit, Drone  
  82  6:06  Metabolic Boost  
  82  6:08  Evolution Chamber  
  81  6:18  Hatchery, Evolution Chamber  
  79  6:27  Ravager  
  79  6:28  Ravager, Evolution Chamber  
  79  6:29  Drone  
  79  6:31  Roach  
  83  6:34  Zerg Missile Weapons Level 1, Roach  
  83  6:35  Infestor  
  87  6:42  Extractor  
  87  6:43  Drone  
  87  6:45  Extractor, Drone  
  87  6:54  Zergling x2  
  87  6:55  Infestor  
  87  6:59  Zergling x4  
  87  7:00  Roach  
  87  7:01  Zergling x6  
  75  7:04  Drone x3  
  75  7:05  Roach  
  75  7:07  Drone  
  71  7:13  Hydralisk, Drone x2  
  73  7:15  Hydralisk  
  74  7:29  Roach  
  68  7:33  Roach  
  48  7:40  Roach  
  37  7:44  Zergling x2  
  37  7:50  Drone  
  26  7:51  Drone  
  26  7:53  Queen, Zergling x2, Drone x2  
  26  7:54  Roach  
Tags
 
Add a new tag
Caveats
  • Supply blocks, unpowered buildings, or Contaminate may cause inaccurate times.
  • Supply counts are checked every 10 seconds.